 Dungeon Crawl Stone Soup version 0.26.0-41-g79a4fc7684 (webtiles) character file.

Game seed: 2727825772611075953

1789 kaeus the Covert (level 9, -3/61 HPs)
             Began as an Octopode Wanderer on Jan 27, 2021.
             Slain by Maggie
             ... wielding a +1 morningstar of draining
              (18 damage)
             ... on level 6 of the Dungeon.
             The game lasted 00:08:14 (6120 turns).

kaeus the Covert (Octopode Wanderer)                Turns: 6120, Time: 00:08:14

Health: -3/61      AC:  1    Str: 10    XL:     9   Next: 8%
Magic:  0/10       EV: 17    Int: 22    God:
Gold:   306        SH:  7    Dex: 14    Spells: 10/10 levels left

rFire    . . .     SeeInvis +   a - +4 dagger
rCold    . . .     Faith    .   w - +2 buckler
rNeg     . . .     Spirit   +   (helmet restricted)
rPois    .         Reflect  .   t - amulet of guardian spirit
rElec    .         Harm     .   u - ring of see invisible
rCorr    .         Rampage  .   v - +6 ring of intelligence (curse)
Will     +....                  k - ring of willpower
Stlth    +++++.....             (no ring)
HPRegen  0.20/turn              (no ring)
MPRegen  0.12/turn              (no ring)
                                (no ring)
                                (no ring)

@: no status effects
A: almost no armour, stealthy swim, amphibious, 8 rings, constrict 8, camouflage
1, gelatinous body 1
a: no special abilities


You were on level 6 of the Dungeon.
You visited 1 branch of the dungeon, and saw 6 of its levels.

You collected 306 gold pieces.

Inventory:

Hand Weapons
 a - a +4 dagger (weapon)
 d - a +0 spear
Armour
 w - a +2 buckler (worn)
Magical Staves
 x - an uncursed staff of poison
Jewellery
 k - a ring of willpower (on tentacle)
 t - an amulet of guardian spirit (around mantle)
 u - a ring of see invisible (left tentacle)
 v - a cursed +6 ring of intelligence (right tentacle)
Wands
 l - a wand of polymorph (11)
 q - a wand of disintegration (8)
 s - a wand of iceblast (7)
Scrolls
 b - a scroll of blinking
 e - a scroll of immolation
 g - 4 scrolls of teleportation
 h - 4 scrolls of magic mapping
 i - a scroll of enchant weapon
 j - 2 scrolls of amnesia
 m - 4 scrolls of remove curse
Potions
 c - 3 potions of curing
 f - a potion of mutation {unknown}
 n - 2 potions of magic
 o - 3 potions of berserk rage
 p - 2 potions of resistance {unknown}
 r - a potion of haste {unknown}


   Skills:
 + Level 5.3 Fighting
 + Level 4.2 Short Blades
 * Level 6.6 Dodging
 * Level 9.4 Stealth
 + Level 2.9 Shields
 - Level 1.0 Spellcasting
 - Level 1.0 Summonings
 - Level 1.0 Air Magic


You had 10 spell levels left.
You didn't know any spells.
Your spell library contained the following spells:

 Spells                   Type           Power        Failure   Level
 Magic Dart               Conj           4%           17%         1
 Sandblast                Erth           2%           17%         1
 Passwall                 Tmut/Erth      0%           26%         2
 Searing Ray              Conj           2%           26%         2
 Dazzling Flash           Conj/Hex       2%           45%         3
 Stone Arrow              Conj/Erth      2%           45%         3
 Fulminant Prism          Conj/Hex       0%           86%         4
 Iskenderun's Mystic Bla  Conj/Tloc      1%           86%         4
 Petrify                  Tmut/Erth      1%           86%         4
 Lee's Rapid Deconstruct  Erth           0%           99%         5


Dungeon Overview and Level Annotations

Branches:
Dungeon (6/15)
 Temple: D:4-7

Altars:
Ashenzari
Elyvilon
Fedhas
Kikubaaqudgha
Trog
Vehumet
The Shining One

Shops:
D:4 !}*

Annotations:
D:6 Maggie


Innate Abilities, Weirdness & Mutations

You cannot wear most types of armour.
You are very stealthy in the water. (Stealth+)
You are amphibious.
You can wear up to eight rings at the same time.
You can use your tentacles to constrict eight enemies at once.
Your skin changes colour to match your surroundings (Stealth+).
Your rubbery body absorbs attacks. (AC +1, EV +1)


Message History

The bolt of fire hits you!!
You take 28 damage, and have 33/61 hp.
MASSIVE DAMAGE!!
You now have 6/10 mp.
You hit Maggie.
Maggie is almost dead.
You constrict Maggie, but do no damage. You block Maggie's attack.
You hit Maggie.
Maggie is almost dead.
You constrict Maggie, but do no damage. You hit Maggie.
Maggie is almost dead.
You constrict Maggie. Maggie gestures at you while chanting.
The bolt of fire hits you!!
* * * LOW HITPOINT WARNING * * *
You take 19 damage, and have 15/61 hp.
MASSIVE DAMAGE!!
You now have 3/10 mp.
You hit Maggie but do no damage. You squeeze Maggie, but do no damage.
Maggie is almost dead.
You constrict Maggie, but do no damage.
Maggie hits you with a +1 morningstar of draining!!
You die...

....##..# ######..# #.
... .#####..# #.# ..#
........# #.# ...#
#######.# #.. ... #.#
#.# #.. #.# #.##.# #
#.# #.#@# ## ##.## #.@#
.## #...# #.#.# ..##
##..## #.##.#
...####...#####.###.#.
.......................
..........#########.#..
..#.###...# #.# .##.#
#...# ## ..#.# ###.#


You could see Maggie.

Vanquished Creatures
  Sigmund (D:4)
  An orc warrior (D:6)
  2 sky beasts (D:5)
  A black bear (D:6)
  4 ogres
  2 centaurs (D:5)
  3 bullfrogs
  A scorpion (D:4)
  A howler monkey (D:4)
  A hound (D:5)
  2 orc wizards
  Jessica (D:2)
  2 bullfrog skeletons
  Terence (D:2)
  An iguana (D:5)
  A worker ant (D:5)
  A worker ant zombie (D:6)
  8 adders
  A shadow imp (D:5)
  An ufetubus (D:5)
  3 oozes
  7 worms
  A dart slug (D:2)
  5 leopard geckos
  14 orcs
  4 ball pythons
  7 giant cockroaches
  6 goblins
  5 hobgoblins
  11 jackals
  4 kobolds
  2 quokkas (D:2)
  7 bats
  4 frilled lizards
  A leopard gecko skeleton (D:4)
  A leopard gecko zombie (D:6)
  A quokka zombie (D:6)
  13 rats
132 creatures vanquished.

Vanquished Creatures (others)
  4 plants (D:2)
4 creatures vanquished.

Grand Total: 136 creatures vanquished

Notes
Turn   | Place    | Note
-------+----------+-------------------------------------------
     0 | D:1      | kaeus the Octopode Wanderer began the quest for the Orb.
     0 | D:1      | kaeus set off with the following items: a +2 dagger, a
                  | scroll of blinking, a potion of curing, a +0 spear
     0 | D:1      | Reached XP level 1. HP: 16/16 MP: 2/2
   228 | D:1      | Reached skill level 3 in Stealth
   249 | D:1      | Reached XP level 2. HP: 21/21 MP: 3/3
   687 | D:1      | Reached XP level 3. HP: 26/26 MP: 4/4
  1241 | D:2      | Found a blossoming altar of Fedhas.
  1276 | D:2      | Noticed Jessica
  1279 | D:2      | Killed Jessica
  1280 | D:2      | Reached skill level 1 in Short Blades
  1280 | D:2      | Reached skill level 4 in Stealth
  1280 | D:2      | Reached XP level 4. HP: 31/31 MP: 5/5
  1533 | D:2      | You fall into a shaft and drop 1 floor!
  1858 | D:3      | Reached XP level 5. HP: 36/36 MP: 6/6
  2462 | D:2      | Noticed Terence
  2478 | D:2      | Killed Terence
  2479 | D:2      | Reached skill level 5 in Stealth
  2878 | D:2      | Found a broken altar of Ashenzari.
  3003 | D:4      | Found Adats's Assorted Antiques.
  3029 | D:4      | Noticed a moth of wrath
  3101 | D:4      | Found Yfenaukk's Distillery.
  3241 | D:4      | Reached XP level 6. HP: 43/43 MP: 7/7
  3311 | D:4      | Noticed Sigmund
  3320 | D:4      | Killed Sigmund
  3321 | D:4      | Reached skill level 6 in Stealth
  3326 | D:4      | Reached XP level 7. HP: 35/48 MP: 8/8
  3521 | D:4      | Found Liab's Gadget Emporium.
  3760 | D:4      | Found a bloodstained altar of Trog.
  4350 | D:5      | Entered Level 5 of the Dungeon
  4418 | D:5      | Reached skill level 7 in Stealth
  4593 | D:5      | Reached skill level 5 in Dodging
  4641 | D:5      | Reached skill level 1 in Shields
  4860 | D:5      | Reached XP level 8. HP: 36/54 MP: 9/9
  5153 | D:5      | Found a radiant altar of Vehumet.
  5203 | D:5      | Reached skill level 8 in Stealth
  5455 | D:6      | Found a glowing golden altar of the Shining One.
  5455 | D:6      | Found a white marble altar of Elyvilon.
  5456 | D:6      | Found a bloodstained altar of Trog.
  5593 | D:6      | Reached skill level 5 in Fighting
  5900 | D:6      | Reached skill level 9 in Stealth
  5980 | D:6      | Reached XP level 9. HP: 60/61 MP: 10/10
  6005 | D:6      | Found an ancient bone altar of Kikubaaqudgha.
  6110 | D:6      | Noticed Maggie
  6120 | D:6      | Slain by Maggie

Illustrated notes

Levels and vault maps discovered:
D:1:      minmay_arrival_loop, layout_basic, minmay_split_cup_small
D:2:      layout_rooms, lemuel_coloured_pillars_altar, fedhas_altar_3,
          serial_forest, infiniplex_forest_clump_curved,
          infiniplex_forest_end_1, infiniplex_forest_clump_double,
          infiniplex_forest_clump_curved, infiniplex_forest_end_3,
          infiniplex_forest_lined_3, infiniplex_forest_lined_4_way,
          infiniplex_forest_lined_2, uniq_terence, uniq_jessica
D:3:      layout_basic, grunt_decor_arrowhead
D:4:      layout_basic, serial_shops, nicolae_shop_overgrown_old_shop,
          nicolae_shop_trees, kennysheep_mini_moat, shop, tgw_trog, uniq_sigmund
D:5:      layout_basic, lemuel_doored_altar, corner_web_ring
D:6:      layout_loops_corners, gammafunk_temple_overflow_claw,
          kiku_gazebo_garden_becter, grunt_temple_overflow_diamond,
          serial_shops, nicolae_shop_trees,
          hangedman_abyss_or_decor_jellyfish_corner, uniq_maggie

Skill      XL: |  1  2  3  4  5  6  7  8 |
---------------+-------------------------+-----
Stealth        | 3 4 5 6 7 9 |  9.4
Short Blades   | 1 2 3 4 |  4.2
Dodging        | 3 4 5 6 |  6.6
Fighting       | 4 5 |  5.3
Shields        | 1 2 |  2.9
Spellcasting   | |  1.0
Summonings     | |  1.0
Air Magic      | |  1.0

Action                   |  1- 3 |  4- 6 |  7- 9 || total
-------------------------+-------+-------+-------++-------
Melee: Dagger            |    58 |   119 |   154 ||   331
       Constrict         |    16 |    28 |    24 ||    68
       Tentacles         |    10 |    29 |    39 ||    78
Evoke: Wand              |       |       |     1 ||     1
  Use: Scroll            |       |       |    13 ||    13
       Potion            |       |       |     4 ||     4
 Stab: Sleeping          |     8 |     8 |    17 ||    33
Armor: Skin              |     4 |    11 |     4 ||    19
Dodge: Dodged            |    31 |    64 |    86 ||   181
Block: Buckler           |       |       |    34 ||    34
